 Dungeon Crawl Stone Soup version 0.30-a0-691-g754fce4c43 (webtiles) character file.

Game seed: 10252652266486123330

280 sokol815 the Digger (level 6, -9/36 HPs)
             Began as an Octopode Earth Elementalist on Jan 19, 2023.
             Mangled by a gnoll sergeant
             ... wielding a +4 trident of protection
              (17 damage)
             ... on level 3 of the Dungeon.
             The game lasted 00:06:44 (2693 turns).

sokol815 the Digger (Octopode Earth Elementalist)   Turns: 2693, Time: 00:06:45

Health: -9/36      AC:  1    Str: 13    XL:     6   Next: 27%
Magic:  6/12       EV: 12    Int: 22    God:
Gold:   666        SH:  0    Dex:  7    Spells: 9/13 levels left

rFire   . . .      SeeInvis +    a - +0 hand axe
rCold   . . .      Faith    .    (no shield)
rNeg    + + .      Spirit   .    (helmet restricted)
rPois   +          Reflect  .    (no amulet)
rElec   +          Harm     .    f - +6 ring of strength
rCorr   .          Rampage  .    h - ring of Wugiz {Ice rElec rPois rN++ Dex-5 SInv}
Will    .....                    d - ring of the Slug {Fire rPois Int+2}
Stlth   ++++                     (no ring)
HPRegen 0.26/turn                (no ring)
MPRegen 0.13/turn                (no ring)
                                 (no ring)
                                 (no ring)

@: no status effects
A: almost no armour, amphibious, 8 rings, camouflage 1, gelatinous body 1,
nimble swimmer 1, tentacles
a: no special abilities


You were on level 3 of the Dungeon.
You visited 1 branch of the dungeon, and saw 3 of its levels.

You collected 666 gold pieces.

Inventory:

Hand Weapons
 a - a +0 hand axe (weapon)
   (You took it off an orc on level 3 of the Dungeon)
 b - a +0 flail
   (You found it on level 2 of the Dungeon)
 g - a +0 short sword
   (You took it off a kobold on level 1 of the Dungeon)
Missiles
 l - 3 poisoned darts
 s - 26 stones
Jewellery
 d - the ring of the Slug (on tentacle) {Fire rPois Int+2}
   (You acquired it on level 3 of the Dungeon)

   [ring of fire]

   It enhances your fire magic.
   Int:       It affects your intelligence (+2).
   rF:        It protects you from fire.
   rC:        It makes you vulnerable to cold.
   rPois:     It protects you from poison.
 f - a +6 ring of strength (left tentacle)
   (You found it on level 1 of the Dungeon)
 h - the ring of Wugiz (right tentacle) {Ice rElec rPois rN++ Dex-5 SInv}
   (You acquired it on level 3 of the Dungeon)

   [ring of ice]

   It enhances your ice magic.
   Dex:       It affects your dexterity (-5).
   rF:        It makes you vulnerable to fire.
   rC:        It protects you from cold.
   rElec:     It insulates you from electricity.
   rPois:     It protects you from poison.
   rN:        It greatly protects you from negative energy.
   SInv:      It lets you see invisible.
Scrolls
 e - a scroll of amnesia
 D - a scroll of blinking {!r}
 X - a scroll of magic mapping {@r4!r}
Potions
 c - a potion of attraction {!q}
 i - a potion of heal wounds {unknown}
 j - a potion of mutation {unknown}
 k - a potion of curing {unknown}
 M - a potion of magic
 P - 2 potions of lignification {!q}
 R - a potion of resistance
 T - a potion of berserk rage {!q}


   Skills:
 - Level 2.0 Dodging
 - Level 2.6 Stealth
 - Level 4.0 Spellcasting
 * Level 2.2 Conjurations
 - Level 1.0 Transmutations
 - Level 5.0 Earth Magic


You had 9 spell levels left.
You knew the following spells:

 Your Spells              Type           Power      Damage    Failure   Level
a - Sandblast             Erth           52%        2d12      1%          1
x - Stone Arrow           Conj/Erth      40%        3d9       8%          3

Your spell library contained the following spells:

 Spells                   Type           Power      Damage    Failure   Level
 Passwall                 Tmut/Erth      14%        N/A       4%          2
 Petrify                  Tmut/Erth      17%        N/A       32%         4


Dungeon Overview and Level Annotations

Branches:
Dungeon (3/15) Zot: 15257

Altars:
Yredelemnul
Zin

Annotations:
D:3 exclusion: 4 doors


Innate Abilities, Weirdness & Mutations

You cannot wear most types of armour.
You are amphibious.
You can wear up to eight rings at the same time.
Your skin changes colour to match your surroundings (Stealth+).
Your rubbery body absorbs attacks. (AC +1, EV +1)
You are camouflaged when in or above water. (Stealth+)
You have tentacles for arms and can constrict up to eight enemies at once.


Message History

As you read the scroll of identify {@r1}, it crumbles to dust.
c - a potion of attraction You enter the shallow water.
The gnoll shouts!
A gnoll comes into view. It is wielding a +0 spear.
The blast of sand hits the gnoll.
The gnoll shouts!
You hear a shout!
You now have 10/11 mp.
The blast of sand hits the gnoll!
You kill the gnoll!
You now have 9/11 mp.
The blast of sand hits the gnoll!
You now have 8/11 mp.
The blast of sand hits the gnoll!
You kill the gnoll!
You hear a splash.
The orc shouts!
You hear a shout!
Your Conjurations skill increases to level 1!
You have reached level 6!
Health restored: 36 You now have 7/12 mp.
You enter the shallow water.
A gnoll comes into view. It is wielding a +0 whip.
Aim: an orc, wielding a +0 flail and wearing a +0 leather armour (83% to hit)
The blast of sand hits the orc!
You kill the orc!
You now have 7/12 mp.
Aim: a gnoll, wielding a +0 whip (85% to hit)
The blast of sand misses the gnoll.
You now have 6/12 mp.
Aim: a gnoll, wielding a +0 whip (85% to hit)
The blast of sand hits the gnoll but does no damage.
Aim: a gnoll, wielding a +0 whip (85% to hit)
The blast of sand hits the gnoll!
You kill the gnoll!
A gnoll comes into view. It is wielding a +0 spear.
You now have 5/12 mp.
The gnoll shouts!
A gnoll bouda comes into view. It is wielding a +0 club.
A gnoll comes into view. It is wielding a +0 spear.
Aim: a gnoll, wielding a +0 spear and quivering 2 throwing nets (85% to hit)
The blast of sand hits the gnoll.
The gnoll shouts!
The gnoll throws a throwing net.
The throwing net barely misses you.
You hear a splash.
You now have 4/12 mp.
Aim: a gnoll, wielding a +0 spear and quivering a throwing net (lightly wounded, 85% to hit)
The blast of sand hits the gnoll.
The gnoll bouda shouts!
Aim: a gnoll, wielding a +0 spear and quivering a throwing net (moderately wounded, 85% to hit)
The blast of sand hits the gnoll!
You kill the gnoll!
You hear a splash. x2
The gnoll bouda gazes fiercely through you!
You feel your attacks grow feeble.
You now have 3/12 mp.
Your attacks no longer feel as feeble.
The gnoll bouda barks out a call to the hunt!
You start resting.
MP restored: 12 The gnoll bouda gazes fiercely through you!
You feel your attacks grow feeble.
A gnoll sergeant comes into view.
It is wielding a +4 trident of protection.
The orc shouts! x2; You hear a shout!
The gnoll bouda barks out a call to the hunt!
The gnoll sergeant picks up the pace!
You hear a shout!
The gnoll sergeant shouts!
You hear a shout!
Aim: a gnoll bouda, wielding a +0 club and wearing a +0 leather armour (85% to hit)
The blast of sand hits the gnoll bouda!
You hear a shout!
You now have 11/12 mp.
Aim: a gnoll bouda, wielding a +0 club and wearing a +0 leather armour (heavily wounded, 85% to hit)
The blast of sand hits the gnoll bouda!
You kill the gnoll bouda!
You hear a splash. x2
Your attacks no longer feel as feeble.
Your Conjurations skill increases to level 2!
You now have 10/12 mp.
Aim: a gnoll sergeant, wielding a +4 trident of protection and wearing a +0 ring mail (covering ground quickly, 87% to hit)
The blast of sand hits the gnoll sergeant but does no damage.
You now have 9/12 mp.
Aim: a gnoll sergeant, wielding a +4 trident of protection and wearing a +0 ring mail (covering ground quickly, 87% to hit)
The blast of sand hits the gnoll sergeant but does no damage.
The gnoll sergeant barely misses you.
You now have 8/12 mp.
Aim: a gnoll sergeant, wielding a +4 trident of protection and wearing a +0 ring mail (covering ground quickly, 87% to hit)
The blast of sand hits the gnoll sergeant but does no damage.
The gnoll sergeant hits you from afar with a +4 trident of protection! x2
You take 16 damage, and have 20/36 hp.
MASSIVE DAMAGE!!
Aim: a gnoll sergeant, wielding a +4 trident of protection and wearing a +0 ring mail (covering ground quickly, 87% to hit)
The blast of sand misses the gnoll sergeant.
The gnoll sergeant hits you from afar with a +4 trident of protection!
* * * LOW HITPOINT WARNING * * *
You take 13 damage, and have 7/36 hp.
MASSIVE DAMAGE!!
You now have 7/12 mp.
Aim: a gnoll sergeant, wielding a +4 trident of protection and wearing a +0 ring mail (covering ground quickly, 87% to hit)
The blast of sand hits the gnoll sergeant but does no damage.
The gnoll sergeant hits you from afar with a +4 trident of protection!
You die...

#........##...
#........#####
#........# #........#
#######################
#......................
#P...~~~g≈~~~~~~~~≈~~)~
#....~~≈≈≈≈≈≈≈≈≈≈≈≈≈≈≈≈
#....~@#####)~≈(g~g~~)~
#....~≈#.o.#.......)..)
#...P~≈#...############
#....~≈###'#
#....~≈≈.#..
#....~≈≈.###g
#....~≈~.# # #.P..~~~.#
#....~~~.#


You could see a gnoll sergeant (swift).

Vanquished Creatures
  A howler monkey (D:3)
  A gnoll bouda (D:3)
  3 hounds (D:3)
  2 adders (D:3)
  4 gnolls (D:3)
  A worm (D:2)
  A dart slug (D:1)
  3 orcs (D:3)
  7 bats
  An endoplasm (D:1)
  3 giant cockroaches
  3 goblins
  5 hobgoblins
  10 jackals (D:3)
  4 ball pythons
  2 frilled lizards
  7 kobolds
  7 rats
65 creatures vanquished.

Vanquished Creatures (others)
  A plant (D:3)
1 creature vanquished.

Grand Total: 66 creatures vanquished

Notes
Turn   | Place    | Note
-------+----------+-------------------------------------------
     0 | D:1      | sokol815 the Octopode Earth Elementalist began the quest
                  | for the Orb.
     0 | D:1      | Reached XP level 1. HP: 11/11 MP: 3/3
    52 | D:1      | Reached XP level 2. HP: 17/17 MP: 3/5
   592 | D:1      | Found a faded altar of an unknown god.
   594 | D:1      | Reached skill level 4 in Earth Magic
   765 | D:2      | Reached XP level 3. HP: 21/21 MP: 4/6
  1435 | D:2      | Found a glowing silver altar of Zin.
  1854 | D:3      | Reached XP level 4. HP: 27/27 MP: 4/7
  1962 | D:3      | Reached skill level 5 in Earth Magic
  1966 | D:3      | Learned a level 3 spell: Stone Arrow
  2017 | D:3      | Identified 3 scrolls of acquirement
  2017 | D:3      | Acquired the ring of Wugiz {Ice rElec rPois rN++ Dex-5
                  | SInv}
  2022 | D:3      | Acquired 499 gold pieces
  2024 | D:3      | Acquired the ring of the Slug {Fire rPois Int+2}
  2267 | D:3      | Found a basalt altar of Yredelemnul.
  2372 | D:3      | Reached skill level 3 in Spellcasting
  2372 | D:3      | Reached XP level 5. HP: 19/31 MP: 4/9
  2446 | D:3      | Reached skill level 4 in Spellcasting
  2596 | D:3      | Reached skill level 1 in Conjurations
  2596 | D:3      | Reached XP level 6. HP: 36/36 MP: 7/12
  2687 | D:3      | Reached skill level 2 in Conjurations
  2691 | D:3      | HP: 7/36 [gnoll sergeant/+4 trident of protection (13)]
  2693 | D:3      | Mangled by a gnoll sergeant

Illustrated notes

Levels and vault maps discovered:
D:1:      tekkud_arrival_beachfront_property, layout_basic,
          dreamdust_ecumenical_altar_hidden_monk_grotto,
          minmay_stone_trees_small
D:2:      layout_loops_cross, basic_altar
D:3:      lemuel_castle_with_subvaults [lemuel_castle_interior_carwin_2],
          layout_basic, yredelemnul_altar_generic, roderic_roman_lattice

Skill      XL: |  1  2  3  4  5  6 |
---------------+-------------------+-----
Earth Magic    | 4 5 |  5.0
Spellcasting   | 3 4 |  4.0
Conjurations   | 1 2 |  2.2
Dodging        | |  2.0
Stealth        | |  2.6
Transmutations | |  1.0

Action                   |  1- 3 |  4- 6 || total
-------------------------+-------+-------++-------
Melee: Short sword       |     7 |       ||     7
       Constrict         |     5 |     1 ||     6
       Tentacles         |     2 |     1 ||     3
       Flail             |     8 |       ||     8
       Hand axe          |       |     6 ||     6
 Cast: Sandblast         |    51 |    43 ||    94
  Use: Scroll            |    10 |     4 ||    14
 Stab: Sleeping          |       |     1 ||     1
Armor: Skin              |     1 |       ||     1
Dodge: Dodged            |    15 |     7 ||    22

Table legend: (Time is in decaauts)
 A = Elapsed time spent in this place.
 B = Non-inter-level travel time spent in this place.
 C = Inter-level travel time spent in this place.
 D = Time resting spent in this place.
 E = Time spent auto-exploring this place.
 F = Levels seen in this place.
 G = Mean time per level.
                   A        B        C        D        E       F      G
               +--------+--------+--------+--------+--------+-----+--------+
         Total |   2741 |   2672 |     69 |    368 |   1885 |   3 |  913.7 |
       Dungeon |   2741 |   2672 |     69 |    368 |   1885 |   3 |  913.7 |
               +--------+--------+--------+--------+--------+-----+--------+

Top non-repeatable levels by time:
     D:3: 1003 daAuts
     D:2: 985 daAuts
     D:1: 752 daAuts

Table legend:
 A = Kills in this place as a percentage of kills in entire the game.
 B = Kills by you in this place as a percentage of kills by you in the entire game.
 C = Kills by friends in this place as a percentage of kills by friends in the entire game.
 D = Other kills in this place as a percentage of other kills in the entire game.
 E = Experience gained in this place as a percentage of experience gained in the entire game.
 F = Experience gained in this place divided by the number of levels of this place that you have seen.
                   A       B       C       D       E      F
               +-------+-------+-------+-------+-------+----------------------
         Total | 100.0 | 100.0 |   N/A |   N/A | 100.0 | 133.3
       Dungeon | 100.0 | 100.0 |   N/A |   N/A | 100.0 | 133.3
               +-------+-------+-------+-------+-------+----------------------
